 Dungeon Sprint DCSS version 0.30-a0-528-g8c47a4955b (webtiles) character file.

Game seed: 15835743055820621411

83 JoshKwa the Cudgeller (level 4, -1/47 HPs)
             Began as a Minotaur Berserker on Dec 23, 2022.
             Was a Believer of Trog.
             Slain by an ogre
             ... wielding a +0 giant spiked club
              (13 damage)
             ... in the Dungeon (Sprint IX: "|||||||||||||||||||||||||||||").
             The game lasted 00:00:11 (24 turns).

JoshKwa the Cudgeller (Minotaur Berserker)            Turns: 24, Time: 00:00:11

Health: -1/47      AC:  2    Str: 23    XL:     4   Next: 22%
Magic:  3/3        EV: 12    Int:  4    God:    Trog [**....]
Gold:   0          SH:  0    Dex: 10    Spells: 3/3 levels left

rFire   . . .      SeeInvis .    a - +0 mace
rCold   . . .      Faith    .    (no shield)
rNeg    . . .      Spirit   .    b - +0 animal skin
rPois   .          Reflect  .    (helmet restricted)
rElec   .          Harm     .    (no cloak)
rCorr   .          Rampage  .    (no gloves)
Will    .....      NoTele   +    (no boots)
Stlth   +                        (no amulet)
HPRegen 0.27/turn                (no ring)
MPRegen 0.08/turn                (no ring)

@: no status effects
A: horns 2, retaliatory headbutt
a: Renounce Religion, Berserk, Trog's Hand


You were in the Dungeon.
You worshipped Trog.
Trog was pleased with you.
You visited 1 branch

Inventory:

Hand Weapons
 a - a +0 mace (weapon)
Armour
 b - a +0 animal skin (worn)
Scrolls
 h - a scroll of blinking
Potions
 c - a potion of curing
 d - a potion of heal wounds
 e - a potion of haste
 f - 2 potions of magic
 g - a potion of berserk rage


   Skills:
 + Level 7.0 Fighting
 + Level 7.5 Maces & Flails
 + Level 3.8 Armour
 + Level 3.7 Dodging


You had 3 spell levels left.
You didn't know any spells.
Your spell library was empty.

Dungeon Overview and Level Annotations

Branches:
Dungeon (1/1)

Altars:


Innate Abilities, Weirdness & Mutations

You have a pair of horns on your head.
You reflexively headbutt those who attack you in melee.


Message History

You kill the frilled lizard!
Trog accepts your kill.
There is an open door to the Dungeon, spattered with blood here.
You see here a ball python corpse.
As you open the door, it creaks loudly!
A scorpion, an ufetubus, an ogre and 2 centaurs come into view.
The centaur shouts! x2; The ogre shouts!
You hit the centaur but do no damage. You headbutt the centaur.
The centaur is moderately wounded.
The centaur hits you. The centaur closely misses you.
The centaur barely misses you. x2
You sock the centaur!
The centaur is severely wounded.
The centaur hits you. The centaur kicks you.
The centaur hits you but does no damage.
The centaur closely misses you.
You hit the centaur. You headbutt the centaur.
You kill the centaur!
Trog accepts your kill.
Your Fighting skill gained 3 levels and is now at level 7!
Your Maces & Flails skill gained 3 levels and is now at level 7!
Your Armour skill increases to level 3!
Your Dodging skill increases to level 3!
You have reached level 2!
You have reached level 3!
Your experience leads to an increase in your attributes!
Increase (S)trength, (I)ntelligence, or (D)exterity?
You feel stronger. x2
You have reached level 4!
You feel agile.
You sock the ogre! Your headbutt misses the ogre.
The ogre is moderately wounded.
The ogre hits you with a +0 giant spiked club!!
* * * LOW HITPOINT WARNING * * *
You hit the ogre.
The ogre is moderately wounded.
You hit the ogre.
The ogre is moderately wounded.
The ogre hits you with a +0 giant spiked club!
You die... ▓▓▓▓▓▓▓▓▓▓▓▓▓▓▓▓▓▓ +..sc5O@....†...<▓ ▓▓▓▓▓▓▓▓▓▓▓▓▓▓▓▓▓▓

You could see an ogre, a centaur, a scorpion and an ufetubus.

Vanquished Creatures
  A centaur (D)
  A ball python (D)
  An endoplasm (D)
  2 hobgoblins (D)
  A frilled lizard (D)
6 creatures vanquished.

Notes
Turn   | Place    | Note
-------+----------+-------------------------------------------
     0 | D        | JoshKwa the Minotaur Berserker began the quest for the Orb.
     0 | D        | Reached XP level 1. HP: 19/19 MP: 0/0
     8 | D        | Reached ** piety under Trog
    18 | D        | Noticed a scorpion
    18 | D        | Noticed a centaur
    18 | D        | Noticed an ogre
    18 | D        | Noticed a centaur
    21 | D        | Killed a centaur
    22 | D        | Reached XP level 2. HP: 22/34 MP: 1/1
    22 | D        | Reached XP level 3. HP: 25/39 MP: 2/2
    22 | D        | Reached XP level 4. HP: 31/47 MP: 3/3
    24 | D        | Slain by an ogre

Illustrated notes

Levels and vault maps discovered:
D:        linesprint [early_d, line_temple, items_1, d_10, items_2, lair_1,
          lair_end, items_3, orc_1, orc_end, items_4, d_15, swamp_1, shoals_1,
          snake_1, spider_1, d_20, vaults_1, items_5, swamp_end, shoals_end,
          snake_end, spider_end, vaults_end, d_27, items_6, zot_1, zot_end,
          crypt_end, forest_end, elf_end, slime_end, tomb_end, abyss_end,
          pan_hell_end]

Skill      XL: |  1 |
---------------+----+-----
Fighting       | 7 |  7.0
Maces & Flails | 7 |  7.5
Armour         | 3 |  3.8
Dodging        | 3 |  3.7

Action                   |  1- 3 |  4- 6 || total
-------------------------+-------+-------++-------
Melee: Mace              |    11 |     3 ||    14
       Headbutt          |     2 |       ||     2
Armor: Animal skin       |     2 |       ||     2
Dodge: Dodged            |     9 |       ||     9

Table legend: (Time is in decaauts)
 A = Elapsed time spent in this place.
 B = Non-inter-level travel time spent in this place.
 C = Inter-level travel time spent in this place.
 D = Time resting spent in this place.
 E = Time spent auto-exploring this place.
 F = Levels seen in this place.
 G = Mean time per level.
                   A        B        C        D        E       F      G
               +--------+--------+--------+--------+--------+-----+--------+
         Total |     26 |     26 |      0 |      0 |      0 |   1 |   26.0 |
       Dungeon |     26 |     26 |      0 |      0 |      0 |   1 |   26.0 |
               +--------+--------+--------+--------+--------+-----+--------+

Top non-repeatable levels by time:
       D: 26 daAuts
